Map: Molten Temple

Players

Loken - Winner!

  • Race: Zerg Zerg
  • League: Platinum
  • Spawn Location: 3:00

Myran - Winner!

  • Race: Protoss Protoss
  • Spawn Location: 3:00

dallaskuken - Winner!

  • Race: Protoss Protoss
  • League: Platinum
  • Spawn Location: 3:00

Tutti

  • Race: Protoss Protoss
  • League: Gold
  • Spawn Location: 9:00

fralle

  • Race: Protoss Protoss
  • League: Gold
  • Spawn Location: 9:00

Reality

  • Race: Protoss Protoss
  • Spawn Location: 9:00

VOD

Have the link to the VOD?

Description

Time

  • Played on: April 5, 2017, 5:24 p.m.
  • Length: 13:20
Show
View Real Time Build Order
Export as new Build Order

Loken Zerg - Winner!

Build Orders: Hatch First 

Get SALT Encoding   

  12  0:01  Drone  
  13  0:08  Drone  
  14  0:17  Overlord  
  14  0:36  Drone x2  
  14  0:37  Drone  
  17  0:48  Drone  
  18  1:00  Hatchery  
  18  1:01  Drone  
  18  1:12  Drone  
  19  1:24  Drone  
  19  1:25  Spawning Pool  
  19  1:28  Extractor  
  18  1:33  Drone  
  19  1:41  Drone  
  20  1:57  Drone  
  21  2:10  Overlord  
  21  2:15  Queen  
  21  2:17  Drone  
  21  2:18  Queen  
  21  2:20  Drone  
  27  2:33  Drone x2  
  27  2:34  Drone  
  30  2:38  Metabolic Boost  
  30  2:43  Drone  
  31  2:46  Drone  
  31  2:49  Drone  
  33  2:57  Overlord x2  
  33  3:20  Drone x4  
  37  3:29  Drone x3  
  37  3:30  Drone x3  
  43  3:46  Hatchery  
  42  3:51  Drone x4  
  46  3:59  Extractor  
  45  4:04  Zergling x8  
  45  4:05  Zergling x6  
  45  4:06  Overlord  
  52  4:12  Overlord  
  52  4:18  Lair  
  52  4:24  Extractor  
  51  4:33  Zergling x2  
  51  4:34  Zergling x16  
  51  4:38  Spore Crawler  
  59  4:43  Spore Crawler  
  58  4:56  Drone x4  
  62  5:00  Queen  
  64  5:13  Zergling x2  
  66  5:14  Zergling x10  
  69  5:34  Zergling x14  
  67  5:53  Zergling x2  
  67  5:54  Zergling x10  
  73  6:07  Hatchery  
  73  6:09  Overlord x4  
  72  6:28  Spire  
  71  6:35  Evolution Chamber  
  71  6:39  Evolution Chamber  
  69  6:42  Zergling x10  
  69  6:43  Zergling x20  
  81  7:28  Drone x9  
  81  7:29  Drone x8  
  98  7:35  Queen  
  100  7:42  Overlord x4  
  100  7:43  Overlord  
  100  7:45  Zerg Missile Weapons Level 1  
  100  7:46  Zerg Ground Armor Level 1  
  100  7:53  Drone, Extractor  
  100  7:54  Drone x4, Evolution Chamber  
  103  8:02  Zerg Flyer Weapons Level 1  
  103  8:19  Mutalisk  
  103  8:20  Mutalisk x10  
  125  8:28  Extractor  
  125  8:29  Extractor  
  123  8:43  Zergling x20  
  123  8:44  Zergling x16  
  123  8:46  Zerg Melee Weapons Level 1  
  136  9:11  Mutalisk  
  136  9:12  Mutalisk x4  
  146  9:23  Overlord x5  
  146  9:25  Overlord  
  146  9:26  Overlord x3  
  146  9:56  Zerg Missile Weapons Level 2  
  146  9:57  Zerg Ground Armor Level 2  
  146  10:01  Infestation Pit  
  145  10:09  Zergling x6  
  145  10:10  Zergling x36  
  166  10:22  Pneumatized Carapace  
  166  10:58  Mutalisk x3  
  166  10:59  Mutalisk x8  
  188  11:08  Hive  
  189  11:11  Zergling x2  
  189  11:12  Zergling x20  
  122  11:49  Zergling x6  
  122  11:50  Zergling x34  
  114  12:47  Zergling x4  
  114  12:48  Zergling x40  
  114  12:49  Zergling x8  
Show
View Real Time Build Order
Export as new Build Order

Myran Protoss - Winner!

Build Orders:  

Get SALT Encoding   

  12  0:03  Probe (Chrono Boost)  
  13  0:13  Probe (Chrono Boost)  
  14  0:24  Pylon, Probe (Chrono Boost)  
  15  0:42  Forge, Probe (Chrono Boost)  
  16  1:04  Pylon  
  16  1:09  Probe (Chrono Boost)  
  17  1:19  Probe (Chrono Boost)  
  17  1:23  Photon Cannon  
  18  1:28  Pylon  
  18  1:31  Photon Cannon  
  18  1:44  Probe (Chrono Boost)  
  18  1:49  Gateway  
  18  1:53  Assimilator  
  18  1:55  Probe (Chrono Boost)  
  19  2:14  Probe (Chrono Boost), Nexus  
  20  2:24  Probe (Chrono Boost)  
  21  2:35  Probe (Chrono Boost)  
  22  2:37  Cybernetics Core  
  22  2:42  Zealot  
  24  2:46  Assimilator  
  24  2:48  Probe (Chrono Boost)  
  25  2:52  Pylon  
  25  3:02  Probe (Chrono Boost)  
  26  3:09  Pylon  
  26  3:13  Probe (Chrono Boost)  
  26  3:14  Stalker  
  26  3:17  Warp Gate  
  29  3:28  Probe (Chrono Boost)  
  29  3:34  Probe (Chrono Boost)  
  31  3:38  Probe (Chrono Boost)  
  32  3:44  Probe (Chrono Boost)  
  33  3:49  Stargate, Probe (Chrono Boost)  
  33  3:55  Probe (Chrono Boost)  
  35  3:59  Probe (Chrono Boost)  
  36  4:05  Probe (Chrono Boost)  
  37  4:11  Probe (Chrono Boost)  
  37  4:15  Assimilator  
  38  4:20  Assimilator  
  38  4:22  Probe (Chrono Boost)  
  39  4:33  Probe x2 (Chrono Boost)  
  39  4:34  Nexus  
  41  4:42  Void Ray  
  41  4:43  Probe (Chrono Boost)  
  41  4:44  Probe (Chrono Boost)  
  47  4:54  Probe (Chrono Boost)  
  47  4:56  Probe (Chrono Boost)  
  49  5:04  Probe (Chrono Boost)  
  51  5:07  Probe (Chrono Boost)  
  51  5:12  Pylon  
  51  5:14  Stargate  
  51  5:16  Pylon  
  51  5:21  Protoss Air Weapons Level 1  
  51  5:28  Void Ray  
  55  5:38  Probe (Chrono Boost)  
  55  5:40  Probe (Chrono Boost)  
  57  5:48  Probe (Chrono Boost)  
  58  5:51  Probe (Chrono Boost)  
  58  5:53  Fleet Beacon  
  58  5:55  Stargate  
  59  5:57  Void Ray  
  59  6:03  Probe (Chrono Boost)  
  64  6:06  Void Ray  
  64  6:08  Probe (Chrono Boost)  
  65  6:15  Probe (Chrono Boost)  
  70  6:20  Probe (Chrono Boost)  
  71  6:31  Probe (Chrono Boost)  
  74  6:32  Probe (Chrono Boost)  
  74  6:33  Probe (Chrono Boost)  
  74  6:36  Assimilator  
  74  6:38  Void Ray  
  74  6:39  Void Ray  
  74  6:40  Assimilator  
  74  6:41  Probe (Chrono Boost)  
  74  6:45  Probe (Chrono Boost)  
  84  6:53  Probe (Chrono Boost)  
  85  7:01  Pylon  
  85  7:04  Pylon  
  85  7:09  Pylon  
  85  7:12  Pylon  
  85  7:13  Void Ray  
  85  7:14  Protoss Air Weapons Level 2  
  85  7:15  Pylon  
  85  7:21  Probe (Chrono Boost)  
  90  7:33  Probe x2 (Chrono Boost)  
  90  7:34  Void Ray  
  90  7:35  Void Ray  
  92  7:41  Probe (Chrono Boost)  
  103  7:45  Probe x2 (Chrono Boost)  
  103  7:50  Pylon  
  103  7:51  Pylon  
  103  7:56  Void Ray  
  107  8:11  Void Ray  
  107  8:12  Void Ray  
  115  8:33  Pylon  
  115  8:34  Void Ray  
  115  8:35  Pylon  
  115  8:37  Pylon  
  119  8:49  Void Ray x2  
  119  8:53  Stargate  
  127  9:15  Void Ray  
  131  9:26  Void Ray  
  131  9:28  Void Ray  
  131  9:31  Protoss Air Weapons Level 3  
  131  9:37  Void Ray  
  143  9:57  Void Ray  
  147  10:08  Pylon, Void Ray  
  147  10:09  Void Ray  
  155  10:30  Void Ray  
  155  10:34  Void Ray  
  163  10:45  Pylon  
  163  10:46  Void Ray x2  
  163  10:47  Pylon  
  163  10:51  Pylon  
  163  10:54  Pylon  
  171  11:01  Protoss Shields Level 1  
  171  11:12  Graviton Catapult  
  171  11:13  Void Ray  
  171  11:20  Void Ray  
  179  11:35  Void Ray x2  
  167  12:31  Void Ray x3  
  167  12:36  Void Ray  
Show
View Real Time Build Order
Export as new Build Order

dallaskuken Protoss - Winner!

Build Orders:  

Get SALT Encoding   

  12  0:01  Probe (Chrono Boost)  
  13  0:11  Probe (Chrono Boost)  
  14  0:19  Pylon  
  14  0:22  Probe (Chrono Boost)  
  15  0:37  Probe (Chrono Boost)  
  15  0:40  Gateway  
  16  0:48  Probe (Chrono Boost)  
  17  0:58  Probe (Chrono Boost)  
  17  1:01  Assimilator  
  18  1:09  Pylon, Probe (Chrono Boost)  
  19  1:27  Cybernetics Core  
  19  1:28  Probe (Chrono Boost)  
  20  1:33  Gateway  
  20  1:37  Assimilator  
  20  1:39  Probe (Chrono Boost)  
  21  1:49  Probe (Chrono Boost)  
  22  2:00  Probe (Chrono Boost)  
  23  2:03  Warp Gate  
  23  2:05  Stalker  
  25  2:10  Probe (Chrono Boost)  
  26  2:22  Stalker  
  28  2:26  Probe (Chrono Boost)  
  29  2:35  Pylon  
  31  2:37  Mothership Core (Chrono Boost)  
  31  2:56  Pylon  
  31  3:03  Nexus  
  29  3:43  Stalker  
  29  3:44  Stalker  
  33  3:56  Stargate  
  33  4:01  Stargate  
  33  4:04  Probe (Chrono Boost)  
  34  4:13  Pylon  
  34  4:15  Probe x2 (Chrono Boost)  
  36  4:25  Assimilator, Probe (Chrono Boost)  
  36  4:26  Probe (Chrono Boost)  
  36  4:29  Assimilator  
  38  4:34  Pylon  
  38  4:36  Probe x2 (Chrono Boost)  
  38  4:38  Pylon  
  40  4:46  Probe (Chrono Boost)  
  40  4:47  Probe (Chrono Boost)  
  42  4:57  Probe x2 (Chrono Boost)  
  42  4:58  Void Ray  
  48  5:07  Probe (Chrono Boost)  
  48  5:08  Probe (Chrono Boost)  
  50  5:18  Probe x2 (Chrono Boost)  
  52  5:27  Fleet Beacon  
  52  5:28  Probe (Chrono Boost)  
  52  5:29  Probe (Chrono Boost)  
  52  5:32  Void Ray  
  58  5:39  Probe (Chrono Boost)  
  60  5:50  Probe (Chrono Boost)  
  60  6:00  Probe (Chrono Boost)  
  61  6:05  Nexus  
  61  6:09  Assimilator  
  61  6:10  Carrier  
  61  6:11  Probe (Chrono Boost)  
  68  6:12  Assimilator  
  68  6:24  Carrier  
  74  6:27  Probe (Chrono Boost)  
  75  6:34  Pylon  
  75  6:36  Pylon  
  75  6:38  Probe (Chrono Boost)  
  76  6:48  Probe (Chrono Boost)  
  77  6:59  Probe (Chrono Boost)  
  76  7:09  Probe (Chrono Boost)  
  77  7:18  Probe (Chrono Boost)  
  78  7:29  Probe (Chrono Boost)  
  79  7:30  Pylon  
  79  7:31  Carrier  
  79  7:32  Pylon  
  79  7:34  Pylon  
  79  7:35  Pylon  
  85  7:40  Probe (Chrono Boost)  
  86  7:45  Stargate  
  86  7:47  Carrier, Stargate  
  86  7:50  Stargate, Probe (Chrono Boost)  
  87  7:52  Stalker x2  
  97  7:59  Protoss Air Weapons Level 1  
  97  8:01  Probe (Chrono Boost)  
  98  8:11  Probe (Chrono Boost)  
  98  8:12  Cybernetics Core  
  99  8:27  Probe (Chrono Boost)  
  100  8:38  Probe (Chrono Boost)  
  100  8:39  Carrier  
  105  8:42  Pylon  
  105  8:43  Pylon  
  105  8:44  Carrier  
  105  8:45  Pylon  
  111  8:48  Probe (Chrono Boost)  
  111  8:52  Carrier  
  112  8:59  Probe (Chrono Boost)  
  112  9:00  Carrier  
  125  9:07  Protoss Air Armor Level 1  
  126  9:10  Probe (Chrono Boost)  
  126  9:13  Carrier  
  132  9:41  Protoss Air Weapons Level 2  
  132  10:05  Tempest  
  138  10:10  Tempest  
  144  10:21  Carrier  
  150  10:29  Forge  
  150  10:42  Carrier  
  156  10:50  Protoss Air Armor Level 2  
  156  10:55  Carrier  
  162  10:57  Tempest  
  112  12:30  Mothership Core (Chrono Boost)  
Show
View Real Time Build Order
Export as new Build Order

Tutti Protoss 

Build Orders: 1 Gate Expand 

Get SALT Encoding   

  12  0:01  Probe (Chrono Boost)  
  13  0:11  Probe (Chrono Boost)  
  14  0:21  Pylon  
  14  0:23  Probe (Chrono Boost)  
  15  0:39  Probe (Chrono Boost)  
  15  0:41  Gateway  
  17  0:50  Probe (Chrono Boost)  
  17  1:00  Assimilator  
  17  1:01  Probe (Chrono Boost)  
  19  1:11  Probe (Chrono Boost)  
  19  1:23  Nexus  
  19  1:27  Probe (Chrono Boost)  
  20  1:37  Pylon  
  20  1:45  Assimilator, Probe (Chrono Boost)  
  21  1:57  Cybernetics Core  
  21  1:58  Probe (Chrono Boost)  
  22  2:08  Probe (Chrono Boost)  
  23  2:19  Probe (Chrono Boost)  
  24  2:29  Pylon  
  25  2:30  Probe (Chrono Boost)  
  25  2:37  Stargate, Probe (Chrono Boost)  
  25  2:40  Probe (Chrono Boost)  
  27  2:48  Probe (Chrono Boost)  
  27  2:50  Protoss Air Weapons Level 1  
  28  2:52  Forge  
  28  2:56  Probe (Chrono Boost)  
  28  2:58  Assimilator, Probe (Chrono Boost)  
  30  3:08  Probe (Chrono Boost)  
  31  3:14  Mothership Core (Chrono Boost)  
  32  3:35  Void Ray  
  36  3:43  Probe (Chrono Boost)  
  36  3:45  Probe (Chrono Boost)  
  38  3:50  Photon Cannon x2  
  38  3:55  Probe (Chrono Boost)  
  40  3:57  Probe (Chrono Boost)  
  40  4:07  Probe (Chrono Boost)  
  40  4:09  Assimilator, Probe (Chrono Boost)  
  42  4:12  Void Ray  
  42  4:19  Probe (Chrono Boost)  
  47  4:25  Stargate  
  47  4:27  Probe (Chrono Boost)  
  49  4:31  Probe (Chrono Boost)  
  50  4:39  Probe (Chrono Boost)  
  50  4:43  Probe (Chrono Boost)  
  51  4:51  Probe (Chrono Boost)  
  52  4:55  Probe (Chrono Boost)  
  53  5:01  Pylon  
  53  5:03  Protoss Air Armor Level 1, Pylon, Probe (Chrono Boost)  
  54  5:08  Nexus  
  54  5:13  Void Ray  
  54  5:21  Void Ray, Probe (Chrono Boost)  
  59  5:24  Cybernetics Core  
  59  5:28  Pylon  
  63  5:50  Void Ray  
  67  6:02  Probe x2 (Chrono Boost)  
  69  6:04  Void Ray  
  69  6:10  Assimilator  
  73  6:14  Assimilator, Probe x2 (Chrono Boost)  
  73  6:16  Pylon  
  73  6:18  Protoss Shields Level 1  
  75  6:19  Pylon  
  75  6:23  Fleet Beacon  
  76  6:26  Probe x2 (Chrono Boost)  
  76  6:28  Probe (Chrono Boost), Void Ray  
  82  7:05  Void Ray  
  86  7:10  Void Ray  
  86  7:18  Protoss Air Armor Level 2  
  90  7:34  Protoss Air Weapons Level 2, Probe x3 (Chrono Boost)  
  93  7:46  Probe x3 (Chrono Boost)  
  99  7:58  Probe (Chrono Boost)  
  99  7:59  Stargate, Probe x2 (Chrono Boost)  
  99  8:04  Stargate  
  99  8:05  Void Ray  
  99  8:08  Pylon  
  99  8:10  Probe (Chrono Boost)  
  99  8:11  Pylon, Probe (Chrono Boost)  
  105  8:13  Robotics Facility, Pylon  
  105  8:18  Probe (Chrono Boost)  
  106  8:23  Probe x2 (Chrono Boost)  
  108  8:28  Carrier  
  108  8:30  Nexus  
  113  8:47  Carrier  
  113  8:49  Tempest  
  125  9:01  Probe x3 (Chrono Boost)  
  128  9:25  Pylon  
  128  9:27  Pylon  
  128  9:29  Pylon  
  128  9:31  Pylon  
  128  9:34  Pylon  
  128  9:39  Pylon  
  128  9:40  Protoss Air Weapons Level 3  
  128  9:41  Pylon  
  128  9:42  Tempest  
  128  9:43  Assimilator  
  128  9:45  Tempest  
  140  9:48  Assimilator  
  146  9:58  Graviton Catapult  
  146  10:13  Carrier  
  152  10:18  Observer  
  153  10:32  Carrier  
  159  10:40  Observer  
  160  10:43  Protoss Air Armor Level 3  
  160  10:50  Tempest  
  166  11:17  Void Ray  
  154  11:51  Void Ray  
  146  11:57  Void Ray  
  146  11:58  Void Ray  
  146  12:00  Void Ray  
  128  12:28  Void Ray  
Show
View Real Time Build Order
Export as new Build Order

fralle Protoss 

Build Orders:  

Get SALT Encoding   

  12  0:01  Probe (Chrono Boost)  
  13  0:14  Pylon  
  13  0:24  Probe (Chrono Boost)  
  14  0:34  Probe (Chrono Boost)  
  15  0:36  Gateway  
  15  0:40  Assimilator  
  15  0:45  Probe (Chrono Boost)  
  16  0:50  Assimilator  
  16  0:55  Probe (Chrono Boost)  
  17  1:07  Probe (Chrono Boost)  
  18  1:28  Probe (Chrono Boost)  
  19  1:38  Probe (Chrono Boost)  
  20  1:49  Probe (Chrono Boost)  
  21  1:59  Gateway  
  21  2:00  Probe (Chrono Boost)  
  22  2:02  Cybernetics Core  
  22  2:06  Pylon  
  22  2:10  Probe (Chrono Boost)  
  23  2:18  Gateway  
  23  2:24  Probe (Chrono Boost)  
  24  2:38  Stalker  
  26  2:51  Stalker  
  28  2:57  Twilight Council  
  28  3:06  Stalker  
  30  3:24  Pylon x2  
  30  3:36  Stalker  
  30  3:42  Stalker x2  
  34  4:06  Stalker  
  34  4:07  Nexus  
  36  4:12  Probe (Chrono Boost)  
  37  4:18  Stalker  
  39  4:28  Robotics Facility  
  39  4:37  Probe (Chrono Boost)  
  40  4:48  Assimilator  
  40  4:49  Probe (Chrono Boost)  
  40  4:52  Stalker  
  44  5:01  Probe (Chrono Boost)  
  44  5:10  Stalker  
  44  5:13  Probe (Chrono Boost)  
  47  5:15  Pylon  
  47  5:18  Stalker  
  51  5:21  Mothership Core (Chrono Boost)  
  32  5:54  Probe (Chrono Boost)  
  34  5:57  Probe (Chrono Boost)  
  34  6:06  Probe (Chrono Boost)  
  34  6:07  Probe (Chrono Boost)  
  36  6:12  Warp Gate, Pylon  
  36  6:15  Nexus  
  36  6:18  Probe x2 (Chrono Boost)  
  38  6:19  Observer  
  38  6:24  Gateway  
  39  6:36  Probe (Chrono Boost)  
  39  6:38  Probe (Chrono Boost)  
  41  6:47  Probe (Chrono Boost)  
  41  6:50  Probe (Chrono Boost)  
  45  7:32  Probe x2 (Chrono Boost)  
  45  7:33  Probe (Chrono Boost)  
  45  7:36  Assimilator  
  45  7:45  Probe (Chrono Boost)  
  45  7:47  Robotics Bay  
  45  7:57  Probe x2 (Chrono Boost)  
  48  7:59  Probe (Chrono Boost)  
  48  8:07  Observer  
  48  8:08  Probe x2 (Chrono Boost)  
  48  8:11  Probe (Chrono Boost)  
  52  8:18  Pylon  
  52  8:20  Pylon  
  52  8:27  Robotics Facility  
  52  8:34  Gateway  
  52  8:37  Gateway, Probe x2 (Chrono Boost)  
  52  8:39  Probe (Chrono Boost)  
  55  8:45  Disruptor  
  55  8:48  Probe x2 (Chrono Boost)  
  60  8:50  Stalker x2  
  64  9:15  Templar Archives  
  64  9:21  Disruptor, Probe x2 (Chrono Boost)  
  64  9:22  Probe (Chrono Boost)  
  70  9:28  Assimilator  
  70  9:31  Assimilator, Probe (Chrono Boost)  
  70  9:32  Probe (Chrono Boost)  
  70  9:34  Pylon, Probe (Chrono Boost)  
  70  9:35  Pylon  
  73  9:39  Pylon  
  73  9:43  Forge  
  73  9:44  Forge  
  73  9:56  High Templar x4  
  81  10:00  Archon x2  
  81  10:04  Probe (Chrono Boost)  
  82  10:19  Pylon  
  82  10:22  Protoss Ground Weapons Level 1, Protoss Shields Level 1  
  82  10:23  Gateway  
  82  10:25  Gateway  
  82  10:28  High Templar x3, Gateway  
  86  10:31  High Templar  
  86  10:34  Archon  
  90  10:37  Archon  
  90  10:39  Disruptor x2  
  78  10:56  Stalker x2  
  82  10:59  Photon Cannon  
  82  11:01  Photon Cannon  
  82  11:15  Disruptor x2  
  88  11:21  Probe x2 (Chrono Boost)  
  88  11:22  Probe (Chrono Boost)  
  88  11:34  Probe (Chrono Boost)  
  54  11:50  Disruptor  
  57  11:55  High Templar x4  
  57  11:57  High Templar  
  57  12:00  Archon  
  62  12:02  Archon  
  62  12:13  High Templar  
  54  12:17  Archon  
  37  12:31  High Templar  
Show
View Real Time Build Order
Export as new Build Order

Reality Protoss 

Build Orders:  

Get SALT Encoding   

  12  0:08  Probe (Chrono Boost)  
  13  0:19  Probe (Chrono Boost)  
  14  0:25  Pylon  
  14  0:30  Assimilator  
  14  0:32  Probe (Chrono Boost)  
  15  0:44  Probe (Chrono Boost)  
  16  0:54  Probe (Chrono Boost)  
  17  1:03  Pylon  
  17  1:05  Probe (Chrono Boost)  
  18  1:15  Probe (Chrono Boost)  
  19  1:26  Probe (Chrono Boost)  
  20  1:48  Assimilator  
  20  1:56  Gateway  
  20  1:58  Gateway  
  20  2:01  Gateway  
  20  2:18  Pylon  
  20  2:21  Pylon, Probe (Chrono Boost)  
  21  2:31  Probe (Chrono Boost)  
  22  2:41  Nexus  
  22  2:42  Probe (Chrono Boost)  
  23  2:52  Probe (Chrono Boost)  
  24  3:03  Probe (Chrono Boost)  
  25  3:08  Pylon  
  25  3:13  Probe (Chrono Boost)  
  26  3:22  Zealot x3  
  26  3:24  Probe (Chrono Boost)  
  33  3:32  Assimilator  
  33  3:46  Assimilator  
  33  3:49  Zealot x2  
  33  3:53  Zealot  
  39  4:16  Zealot x2  
  43  4:20  Zealot  
  45  4:26  Forge  
  45  4:28  Cybernetics Core  
  45  4:34  Probe (Chrono Boost)  
  46  4:41  Probe (Chrono Boost)  
  46  4:45  Probe (Chrono Boost)  
  48  4:52  Probe (Chrono Boost)  
  49  4:55  Probe (Chrono Boost)  
  49  4:57  Zealot x3  
  56  5:02  Probe (Chrono Boost)  
  56  5:06  Probe (Chrono Boost)  
  58  5:13  Probe (Chrono Boost)  
  59  5:16  Probe (Chrono Boost)  
  60  5:23  Probe (Chrono Boost)  
  61  5:41  Zealot  
  61  5:44  Zealot  
  61  5:59  Warp Gate  
  61  6:01  Protoss Ground Weapons Level 1  
  61  6:09  Twilight Council  
  61  6:19  Pylon  
  61  6:26  Pylon  
  61  6:29  Pylon  
  61  6:36  Pylon  
  61  6:37  Zealot x3  
  61  6:39  Gateway  
  67  6:40  Gateway  
  67  6:58  Charge  
  67  7:04  Zealot  
  67  7:05  Zealot x2  
  58  7:32  Zealot x3  
  64  7:55  Protoss Shields Level 1  
  64  8:01  Nexus  
  64  8:05  Assimilator  
  64  8:09  Assimilator  
  64  8:18  Robotics Facility  
  64  8:22  Nexus  
  64  8:25  Assimilator  
  64  8:37  Pylon  
  64  8:38  Blink  
  64  8:43  Pylon  
  64  9:08  Stalker  
  64  9:09  Stalker x4  
  74  9:14  Pylon  
  74  9:30  Probe (Chrono Boost)  
  75  9:41  Probe (Chrono Boost)  
  76  9:49  Protoss Ground Armor Level 1  
  76  9:52  Probe (Chrono Boost)  
  77  10:02  Probe (Chrono Boost)  
  77  10:05  Stalker x3  
  77  10:06  Stalker x2  
  88  10:13  Probe (Chrono Boost)  
  89  10:23  Probe (Chrono Boost)  
  90  11:07  Stalker x5  
  28  11:52  Stalker x5  
Tags
 
Add a new tag
Caveats
  • Supply blocks, unpowered buildings, or Contaminate may cause inaccurate times.
  • Supply counts are checked every 10 seconds.